 Dungeon Crawl Stone Soup version 0.31-a0-196-g86fe4a5e66 (webtiles) character file.

Game seed: 5156556126892415166

13 Gorgondantess the Magician (level 2, 0/19 HPs)
             Began as a Human Wanderer on June 25, 2023.
             Succumbed to a scorpion's poison
             ... on level 2 of the Dungeon.
             The game lasted 00:01:43 (381 turns).

Gorgondantess the Magician (Human Wanderer)          Turns: 381, Time: 00:01:44

Health: 0/19       AC:  9    Str: 10    XL:     2   Next: 50%
Magic:  5/6        EV: 11    Int: 16    God:
Gold:   71         SH:  4    Dex: 10    Spells: 6/7 levels left

rFire   . . .        g - +0 mace (protect)
rCold   . . .        d - +0 buckler
rNeg    . . .        c - +0 robe
rPois   .            (no helmet)
rElec   .            (no cloak)
rCorr   .            (no gloves)
SInv    .            (no boots)
Will    .....        f - amulet of the acrobat
Stlth   +            (no ring)
HPRegen 0.23/turn    (no ring)
MPRegen 0.10/turn

%: acrobat
@: lethally poisoned (0 -> -1), under a protective aura
A: no striking features
a: no special abilities


You were on level 2 of the Dungeon.
You visited 1 branch of the dungeon, and saw 2 of its levels.

You collected 71 gold pieces.

Inventory:

Hand Weapons
 a - a +0 club
 g - a +0 mace of protection (weapon)
Armour
 c - a +0 robe (worn)
 d - a +0 buckler (worn)
Jewellery
 f - an amulet of the acrobat (around neck)
Scrolls
 e - a scroll of blinking {unknown}
Potions
 b - a potion of attraction


   Skills:
 - Level 1.0 Throwing
 + Level 1.3 Dodging
 + Level 0.9 Stealth
 - Level 2.0 Shields
 - Level 3.0 Spellcasting
 * Level 2.5 Summonings
 - Level 1.0 Evocations


You had 6 spell levels left.
You knew the following spells:

 Your Spells              Type           Power      Damage    Failure   Level
a - Summon Small Mammal   Summ           40%        N/A       10%         1

Your spell library contained the following spells:

 Spells                   Type           Power      Damage    Failure   Level
 Apportation              Tloc           4%         N/A       26%         1
 Portal Projectile        Hex/Tloc       4%         N/A       63%         3
 Summon Ice Beast         Ice/Summ       6%         N/A       85%         4
 Summon Lightning Spire   Summ/Air       6%         N/A       85%         4


Dungeon Overview and Level Annotations

Branches:
Dungeon (1/15)

Altars:


Message History

You feel very sick.
Your bat hits the scorpion but does no damage.
Your bat barely misses the scorpion.
Your bat hits the scorpion but does no damage.
The scorpion stings you.
Your rat bites the scorpion but does no damage.
You barely miss the scorpion.
The scorpion is lightly wounded.
You feel very sick.
Your bat barely misses the scorpion.
You block the scorpion's attack.
Your rat bites the scorpion but does no damage.
Your bat hits the scorpion but does no damage.
The scorpion misses you.
Your rat closely misses the scorpion.
You hit the scorpion.
The scorpion is moderately wounded.
* * * LOW HITPOINT WARNING * * *
You feel sick.
Your bat closely misses the scorpion. x2
Your bat barely misses the scorpion.
The scorpion closely misses you.
Your rat bites the scorpion but does no damage.
The scorpion stings you but does no damage.
Okay, then.
You hit the scorpion.
The scorpion is moderately wounded.
* * * LOW HITPOINT WARNING * * *
You feel sick.
Your bat hits the scorpion.
Your rat barely misses the scorpion.
The scorpion closely misses your bat.
Your bat hits the scorpion but does no damage.
Your rat closely misses the scorpion.
The scorpion stings you.
* * * LOW HITPOINT WARNING * * *
You hit the scorpion but do no damage.
The scorpion is moderately wounded.
* * * LOW HITPOINT WARNING * * *
You feel sick.
Your bat hits the scorpion but does no damage. x2
Your bat closely misses the scorpion.
The scorpion stings your rat.
Your rat dies!
Your rat's corpse disappears in a puff of smoke!
You barely miss the scorpion.
The scorpion is moderately wounded.
You die...

.. . .. #### .. .## ###..
... .. #...# ....#.##.#.#
...........#
#....##..####.#...
#....@s§..........
.##.#....§b§.####.##.....#
....[...........#.##......
....###..###..............
##.......................
#...........###..........
.#.###..................>
#...........##.####. #..
#...........##.## ##..


You could see a scorpion (ally target) and a friendly bat (summoned).

Vanquished Creatures
  A goblin (D:1)
  A hobgoblin (D:2)
  A jackal (D:2)
  A quokka (D:2)
  3 rats
7 creatures vanquished.

Vanquished Creatures (collateral kills)
  An endoplasm (D:2)
  A hobgoblin (D:1)
  2 jackals (D:2)
4 creatures vanquished.

Grand Total: 11 creatures vanquished

Notes
Turn   | Place    | Note
-------+----------+-------------------------------------------
     0 | D:1      | Gorgondantess the Human Wanderer began the quest for the
                  | Orb.
     0 | D:1      | Gorgondantess set off with the following items: a +0 club,
                  | a potion of attraction, a +0 robe, a +0 buckler; and the
                  | following spells available to memorise: Summon Small
                  | Mammal, Apportation, Portal Projectile, Summon Ice Beast,
                  | Summon Lightning Spire.
     0 | D:1      | Reached XP level 1. HP: 13/13 MP: 4/4
     2 | D:1      | Learned a level 1 spell: Summon Small Mammal
   101 | D:1      | You fall into a shaft and drop 1 floor!
   142 | D:2      | Reached XP level 2. HP: 13/19 MP: 1/6
   223 | D:2      | Noticed a scorpion
   337 | D:2      | Found a faded altar of an unknown god.
   381 | D:2      | Succumbed to a scorpion's poison

Illustrated notes

Levels and vault maps discovered:
D:1:      beargit_arrival_diablo_church, layout_loops_ring, chequers_jeans,
          dreamdust_mushroom_princess, amcnicky_mini_rare_corridor_liquid
D:2:      layout_basic, hellmonk_ecumenical_altar_lost_god, basic_altar,
          minmay_surrounded

Action                     || total
---------------------------++-------
  Melee: Club              ||    30
         Mace              ||     8
   Cast: Summon Small Mamm ||    10
 Armour: Robe              ||    10
  Dodge: Dodged            ||    28
  Block: Buckler           ||     8

Table legend: (Time is in decaauts)
 A = Elapsed time spent in this place.
 B = Non-inter-level travel time spent in this place.
 C = Inter-level travel time spent in this place.
 D = Time resting spent in this place.
 E = Time spent auto-exploring this place.
 F = Levels seen in this place.
 G = Mean time per level.
                   A        B        C        D        E       F      G
               +--------+--------+--------+--------+--------+-----+--------+
         Total |    394 |    394 |      0 |      0 |    257 |   2 |  197.0 |
       Dungeon |    394 |    394 |      0 |      0 |    257 |   2 |  197.0 |
               +--------+--------+--------+--------+--------+-----+--------+

Top non-repeatable levels by time:
     D:2: 288 daAuts
     D:1: 105 daAuts
